 Dungeon Crawl Stone Soup version 0.14.1-26-g5a19342 (console) character file.

177 Oberon the Magician (level 3, -6/19 HPs)
             Began as a Deep Elf Wizard on July 14, 2014.
             Killed by divine providence
             ... invoked by an orc priest
              (14 damage)
             ... on Level 3 of the Dungeon.
             The game lasted 00:44:02 (1938 turns).

Oberon the Magician (Deep Elf Wizard)               Turns: 1938, Time: 00:44:02

HP  -6/19        AC  3     Str  4      XL: 3   Next: 87%
MP  10/14        EV 13     Int 23      God:
Gold 114         SH  0     Dex 13      Spells:  6 memorised,  0 levels left

rFire  . . .     SeeInvis .     o - +1,+2 sling
rCold  . . .     Clarity  .     a - +0 robe
rNeg   . . .     Conserve .     (no shield)
rPois  .         rCorr    .     b - +1 hat
rElec  .         rRot     .     (no cloak)
SustAb . .       Spirit   .     (no gloves)
rMut   .         Warding  .     (no boots)
Saprov . . .     Stasis   .     (no amulet)
MR     .....                    (no ring)
                                (no ring)

@: not resistant to hostile enchantments, fairly stealthy
A: no striking features
a: no special abilities


You were on level 3 of the Dungeon.
You were not hungry.

You visited 1 branch of the dungeon, and saw 3 of its levels.

You collected 114 gold pieces.

Inventory:

Hand weapons
 g - a +0,+0 dagger
 o - a +1,+2 sling (weapon)
 p - a +0,+0 dagger
Missiles
 i - 30 stones (quivered)
 n - 26 sling bullets
 t - 20 bolts
Armour
 a - a +0 robe (worn)
 b - a +1 hat (worn)
 f - a +0 robe
 h - a +0 leather armour
Comestibles
 d - a bread ration
Scrolls
 j - 2 scrolls of remove curse
Jewellery
 s - an uncursed amulet of stasis {unknown}
Potions
 e - a potion of magic {unknown}
 k - 5 potions of curing {unknown}
 l - 3 potions of might {unknown}
 m - a potion of mutation {unknown}
Books
 c - a book of Minor Magic

   Spells                             Type                      Level
   *Magic Dart                        Conjuration                  1
   *Blink                             Translocation                2
   *Call Imp                          Summoning                    2
   *Repel Missiles                    Charms/Air                   2
   *Slow                              Hexes                        2
   *Conjure Flame                     Conjuration/Fire             3
   Mephitic Cloud                     Conjuration/Poison/Air       3


   Skills:
 - Level 0.2 Fighting
 * Level 0.2 Slings
 - Level 1.0 Throwing
 + Level 2.6 Dodging
 * Level 3.0 Stealth
 + Level 5.2 Spellcasting
 * Level 1.8 Conjurations
 - Level 1.1 Summonings
 * Level 1.8 Translocations


You couldn't memorise any spells.
You knew the following spells:

 Your Spells              Type           Power        Failure   Level  Hunger
a - Magic Dart            Conj           ##..         4%          1    None
b - Blink                 Tloc           N/A          10%         2    None
c - Call Imp              Summ           ##......     12%         2    None
d - Repel Missiles        Chrm/Air       #.....       17%         2    None
e - Slow                  Hex            #.......     17%         2    None
f - Conjure Flame         Conj/Fire      ##......     21%         3    ##.....


Dungeon Overview and Level Annotations

Branches:
Dungeon (3/15)

Altars:
Fedhas


Message History

Aim: an orc Attack!
The orc priest invokes the aid of Beogh against you.
Something smites you!
Ouch! That really hurt!
The orc priest prays to Beogh.
You feel a wave of unholy energy pass over you.
Casting: Magic Dart
Confirm with . or Enter, or press ? or * to list all spells.
Aiming: Magic Dart
Press: ? - help, Shift-Dir - straight line, f/p - orc
Aim: an orc The magic dart hits the orc.
The orc is moderately wounded.
Your crimson imp blinks!
An orc comes into view. It is wielding a flail.
The orc priest invokes the aid of Beogh against you.
Something smites you!
Ouch! That really hurt!
You die...

###############
#.@....##.....#
###o####.#......#
###...#...........#
#...#...##.#......#
#5#...#.##<#..........
#.##.......#.####.#....
#.##.##.####.. .# .#.
#.##o##.# ### ## .
#....>..# #.......#
#o##o##.#


You could see an orc priest, an orc and a friendly crimson imp.

Vanquished Creatures
  2 adders (D:2)
  An inept feature mimic (D:2)
  An orc (D:3)
  5 bats
  5 giant cockroaches
  8 goblins
  A hobgoblin (D:1)
  2 quokkas
  2 ball pythons
  A giant gecko (D:1)
  5 giant newts
  2 jackals (D:1)
  2 kobolds (D:2)
  3 rats
40 creatures vanquished.

Notes
Turn   | Place    | Note
--------------------------------------------------------------
     0 | D:1      | Oberon, the Deep Elf Wizard, began the quest for the Orb.
     0 | D:1      | Reached XP level 1. HP: 10/10 MP: 6/6
   325 | D:1      | Reached XP level 2. HP: 15/15 MP: 8/10
   347 | D:1      | Learned a level 2 spell: Blink
   350 | D:1      | Learned a level 2 spell: Call Imp
   353 | D:1      | Learned a level 2 spell: Repel Missiles
   356 | D:1      | Learned a level 2 spell: Slow
   451 | D:1      | Reached skill level 1 in Throwing
   750 | D:1      | Reached skill level 5 in Spellcasting
   963 | D:2      | Reached XP level 3. HP: 6/19 MP: 1/14
  1175 | D:2      | Learned a level 3 spell: Conjure Flame
  1210 | D:2      | Found a blossoming altar of Fedhas.
  1938 | D:3      | Killed from afar by an orc priest

Action                   || total
-------------------------++-------
Melee: Unarmed           ||     1
 Cast: Magic Dart        ||    80
       Blink             ||     7
       Call Imp          ||     2
  Use: Scroll            ||     4
